 Dungeon Crawl Stone Soup version 0.30-a0-142-g7370640ec8 (webtiles) character file.

Game seed: 3647925831963102602

132 qw the Chopper (level 5, -4/32 HPs)
             Began as a Gargoyle Fighter on Sept 26, 2022.
             Killed from afar by Ijyb (10 damage)
             ... with a bolt of acid
             ... on level 4 of the Dungeon.
             The game lasted 00:00:44 (2706 turns).

qw the Chopper (Gargoyle Fighter)                   Turns: 2706, Time: 00:00:44

Health: -4/32      AC: 14    Str: 21      XL:     5   Next: 15%
Magic:  5/5        EV:  7    Int:  9      God:
Gold:   136        SH:  4    Dex:  8 (9)  Spells: 4/4 levels left

rFire   + . .      SeeInvis .    l - +0 war axe (vamp)
rCold   . . .      Faith    .    c - +0 buckler
rNeg    + . .      Spirit   .    n - +0 chain mail
rPois   inf        Reflect  .    (helmet restricted)
rElec   +          Harm     .    (no cloak)
rCorr   .          Rampage  .    (no gloves)
Will    .....                    p - +0 pair of boots
Stlth   ..........               (no amulet)
HPRegen 0.10/turn                r - ring of protection from fire
MPRegen 0.09/turn                (no ring)

@: no status effects
A: sickness immunity, AC +4, negative energy resistance 1, electricity
resistance, torment resistance 1, petrification resistance, horns 1,
deterioration 1, wild magic 1
a: no special abilities


You were on level 4 of the Dungeon.
You visited 1 branch of the dungeon, and saw 4 of its levels.

You collected 136 gold pieces.


Innate Abilities, Weirdness & Mutations

You are immune to sickness and miasma.
Your stone body is resilient. (AC +4)
You are immune to poison.
You resist negative energy. (rN+)
You are resistant to electric shocks. (rElec)
You are resistant to unholy torment.
You are immune to petrification.
You have a pair of small horns on your head.
Your body sometimes deteriorates upon taking damage.
Your spells are a little harder to cast, but a little more powerful.


   Skills:
 - Level 3.2 Fighting
 + Level 4.5 Axes
 - Level 1.0 Throwing
 - Level 3.2 Armour
 - Level 3.2 Shields


You had 4 spell levels left.
You didn't know any spells.
Your spell library was empty.

Inventory:

Hand Weapons
 a - a +0 flail
 l - a +0 vampiric war axe (weapon)
Armour
 c - a +0 buckler (worn)
 n - a +0 chain mail (worn)
 p - a +0 pair of boots (worn)
Jewellery
 r - a ring of protection from fire (left hand)
Scrolls
 s - a scroll of identify
Potions
 d - a potion of might
 f - a potion of magic {unknown}
 g - 2 potions of heal wounds
 h - 3 potions of curing
 i - a potion of mutation
 j - a potion of lignification {unknown}
 m - a potion of attraction
 o - a potion of flight {unknown}

Dungeon Overview and Level Annotations

Branches:
Dungeon (4/15)
 Temple: D:4-7

Altars:

Annotations:
D:4 Ijyb


Message History

Ijyb barely misses you. The orc hits you but does no damage.
Ijyb hits you with a +0 dagger of protection.
You closely miss Ijyb. The orc hits you but does no damage.
Ijyb hits you but does no damage.
You hit Ijyb.
You feel better.
Ijyb is moderately wounded.
The orc hits you but does no damage. Ijyb hits you but does no damage.
You barely miss Ijyb.
Ijyb is moderately wounded.
Ijyb hits you but does no damage. The orc hits you but does no damage.
You block Ijyb's attack. The orc closely misses you.
You miss Ijyb. Your headbutt misses Ijyb.
Ijyb is moderately wounded.
The orc hits you from afar with a +0 trident.
Ijyb hits you but does no damage.
You closely miss Ijyb. Your headbutt misses Ijyb.
Ijyb is moderately wounded.
The orc hits you from afar with a +0 trident.
Ijyb zaps a wand.
The bolt of acid misses you.
You completely miss Ijyb.
Ijyb is moderately wounded.
The quokka twitches its whiskers.
The orc hits you but does no damage. Ijyb hits you but does no damage.
The orc hits you but does no damage.
Ijyb screams, "Die!"
Ijyb zaps a wand.
The bolt of acid hits you!
Your body deteriorates!
You feel clumsy.
You hit Ijyb but do no damage.
Ijyb is moderately wounded.
The orc closely misses you. Ijyb barely misses you.
You hit Ijyb.
Ijyb is moderately wounded.
The orc hits you from afar with a +0 trident.
Ijyb zaps a wand.
The bolt of acid hits you but does no damage.
You barely miss Ijyb. You headbutt Ijyb.
Ijyb is heavily wounded.
The orc hits you from afar with a +0 trident.
Ijyb zaps a wand.
The bolt of acid hits you!
You die...

#.........#####
....#...##<##..
##.......#.##?#
#.........##.##
#.###......%..#
.. ##.##.##..# #
#.##.##.(#
#.##.##..##.####
.....##.@)......
.. #####g######.


#ro #.## ... ... ... #.### You could see Ijyb, an orc and a quokka.

Vanquished Creatures
  An iguana (D:4)
  An orc wizard (D:4)
  2 adders
  2 dart slugs
  9 orcs
  2 endoplasms
  3 giant cockroaches
  4 goblins
  3 hobgoblins
  A jackal (D:2)
  A quokka (D:3)
  7 ball pythons
  3 bats
  2 frilled lizards
  5 kobolds
  3 rats
49 creatures vanquished.

Notes
Turn   | Place    | Note
-------+----------+-------------------------------------------
     0 | D:1      | qw the Gargoyle Fighter began the quest for the Orb.
     0 | D:1      | Reached XP level 1. HP: 14/14 MP: 1/1
     0 | D:1      | 0 ||| qw: Version: 0.2-a-10-g399e6c4
     0 | D:1      | 0 ||| qw: Game counter: 472
     0 | D:1      | 0 ||| qw: Always use a shield: true
     0 | D:1      | 0 ||| qw: God list: Okawaru
     0 | D:1      | 0 ||| qw: Allow faded altars: false
     0 | D:1      | 0 ||| qw: Do Orc after D:15 true
     0 | D:1      | 0 ||| qw: Do second Lair branch before Depths: true
     0 | D:1      | 0 ||| qw: Lair rune preference: random
     0 | D:1      | 0 ||| qw: Plans: Normal, Zot:1-4, God:TSO, Crypt, Tomb,
                  | Pan, Slime:5, Hells, Abyss, Orb
     0 | D:1      | 0 ||| PLANNING D:1-11
    52 | D:1      | Reached skill level 2 in Axes
   252 | D:1      | Found a faded altar of an unknown god.
   256 | D:1      | Reached XP level 2. HP: 19/19 MP: 2/2
  1104 | D:1      | 1104 ||| READING scroll labelled GEHE CITZOUPH.
  1105 | D:1      | 1105 ||| READING scroll labelled RUNEUPS WUTA.
  1106 | D:1      | 1106 ||| READING scroll labelled UMIJEL XAYC.
  1207 | D:1      | 1207 ||| DRINKING 2 fuming silvery potions.
  1428 | D:2      | 1428 ||| Stepping ~*~*~tactically~*~*~ (stealth).
  1497 | D:2      | Reached skill level 3 in Axes
  1499 | D:2      | 1499 ||| SWAPPING to +0 vampiric war axe.
  1500 | D:2      | 1500 ||| DROPPING +0 war axe.
  1635 | D:2      | Reached skill level 1 in Throwing
  1635 | D:2      | Reached XP level 3. HP: 23/23 MP: 3/3
  1673 | D:2      | 1673 ||| Stepping ~*~*~tactically~*~*~ (hiding).
  1674 | D:2      | 1674 ||| Stepping ~*~*~tactically~*~*~ (hiding).
  1675 | D:2      | 1675 ||| Stepping ~*~*~tactically~*~*~ (hiding).
  1933 | D:2      | 1933 ||| UPGRADING to +0 pair of boots.
  1938 | D:2      | 1938 ||| READING scroll labelled JAPLOO LIFFYS.
  1939 | D:2      | 1939 ||| READING scroll labelled LAMMEL WURGHEI.
  1995 | D:2      | 1995 ||| READING scroll labelled UGRACU NAMIQO.
  1999 | D:2      | 1999 ||| DRINKING 3 fizzy inky potions.
  2000 | D:2      | 2000 ||| DRINKING 2 yellow potions.
  2197 | D:3      | 2197 ||| Stepping ~*~*~tactically~*~*~ (stealth).
  2329 | D:3      | Reached XP level 4. HP: 28/28 MP: 4/4
  2333 | D:3      | 2333 ||| DROPPING +0 whip.
  2636 | D:3      | 2636 ||| UPGRADING to +0 chain mail.
  2646 | D:3      | 2646 ||| DROPPING +0 scale mail.
  2647 | D:3      | 2647 ||| UPGRADING to ring of protection from fire.
  2648 | D:3      | 2648 ||| READING scroll labelled UFACOJ ILUJ.
  2649 | D:3      | 2649 ||| READING 2 scrolls labelled ERPHOC NOGEDGHO.
  2650 | D:3      | 2650 ||| READING scroll labelled WESILIETHRUN.
  2651 | D:3      | 2651 ||| DRINKING 2 murky ruby potions.
  2651 | D:3      | Gained mutation: You have a pair of small horns on your
                  | head. [potion of mutation]
  2651 | D:3      | Gained mutation: Your body sometimes deteriorates upon
                  | taking damage. [potion of mutation]
  2651 | D:3      | Gained mutation: Your spells are a little harder to cast,
                  | but a little more powerful. [potion of mutation]
  2685 | D:4      | Noticed Ijyb
  2692 | D:4      | Reached skill level 4 in Axes
  2697 | D:4      | Reached XP level 5. HP: 32/32 MP: 5/5
  2706 | D:4      | HP: 6/32 [orc/+0 trident (5)]
  2706 | D:4      | Killed from afar by Ijyb

Levels and vault maps discovered:
D:1:      matt_arrival_grand_opening, layout_loops_corners,
          chequers_ecumenical_altar_simple_redux, chequers_serial_rivers_micro_a
D:2:      layout_basic, minmay_pentomino_z4
D:3:      layout_basic
D:4:      layout_loops_corners, nicolae_figureground_sparkle, uniq_ijyb

Skill      XL: |  1  2  3  4 |
---------------+-------------+-----
Axes           | 2 3 4 |  4.5
Throwing       | 1 |  1.0
Fighting       | |  3.2
Armour         | |  3.2
Shields        | |  3.2

Action                   |  1- 3 |  4- 6 || total
-------------------------+-------+-------++-------
Melee: War axe           |    79 |    24 ||   103
       Headbutt          |       |     3 ||     3
Throw: Javelin           |    29 |     4 ||    33
  Use: Scroll            |     6 |     3 ||     9
       Potion            |     3 |     1 ||     4
Armor: Scale mail        |    31 |     2 ||    33
       Chain mail        |       |    23 ||    23
Dodge: Dodged            |    34 |    11 ||    45
Block: Buckler           |    22 |     4 ||    26

Table legend:
 A = Non-vault XP
 B = Vault XP
 C = Vault XP percentage of total XP
 D = Non-vault monster count
 E = Vault monster count
 F = Vault count percentage of total count
                 A         B        C        D         E       F
            +---------+---------+-------+---------+---------+-------
      Total |     185 |       4 |   2.1 |      47 |       2 |   4.1
            +---------+---------+-------+---------+---------+-------
        D:1 |      19 |       0 |   0.0 |      12 |       0 |   0.0
        D:2 |      29 |       4 |  12.1 |       8 |       2 |  20.0
        D:3 |      56 |       0 |   0.0 |      21 |       0 |   0.0
        D:4 |      81 |       0 |   0.0 |       6 |       0 |   0.0
            +---------+---------+-------+---------+---------+-------
